[Event "Titled Tuesday Blitz August 15 Late 2023"]
[White "Kovacevic, Radmila"]
[Black "Tomb, Maroun"]
[WhiteFideId "933171"]
[BlackFideId "5300398"]
[WhiteElo "2240"]
[BlackElo "2492"]
[Result "0-1"]
[Round "5"]
[TimeControl "180+1"]
[Date "2023.08.15"]
[WhiteClock "0:00:10"]
[BlackClock "0:00:09"]
[Board "103"]

1. e4 d6 2. d4 Nf6 3. Qd3 e5 4. dxe5 dxe5 5. Qxd8+ Kxd8 6. Bd3 Be6 7. Bg5 c6 8. Nf3 Nd7 9. Nbd2 Kc7 10. Nc4 h6 11. Bh4 Nxe4 12. Ncxe5 Ndc5 13. O-O-O g5 14. Bxe4 Nxe4 15. Rhe1 gxh4 16. Rxe4 h3 17. gxh3 Bd6 18. Nc4 Bc5 19. Nfe5 Bxf2 20. Rf4 Bc5 21. Nxf7 Rhf8 22. Rdf1 b5 23. Nd2 Be3 24. R4f3 Bc4 25. Re1 Bxd2+ 26. Kxd2 Rad8+ 27. Kc3 Rxf7 28. Rxf7+ Bxf7 29. a3 a5 30. b3 Rd7 31. Re5 Bd5 32. Rh5 Rd6 33. Rf5 Rg6 34. Kd4 b4 35. axb4 axb4 36. c4 bxc3 37. Kxc3 Rg2 38. Rf6 h5 39. Rf5 Rxh2 40. Rxh5 Kb6 41. b4 Kb5 42. Rh4 Rg2 43. Rh5 Rg3+ 44. Kd4 Kxb4 45. h4 Bf7 46. Rh6 c5+ 47. Ke5 Bc4 48. Rc6 Bb5 49. Rb6 Rh3 50. Rh6 c4 51. Kd4 c3 52. h5 Rd3+ 53. Ke4 c2 54. Rb6 Rc3 55. h6 c1=Q 56. Rxb5+ Kxb5 57. h7 Qc2+ 58. Ke5 Qxh7 59. Kf6 Rc6+ 60. Ke5 Qd7 61. Kf4 Re6 62. Kg3 Qf7 63. Kh4 0-1


[Site "https://www.chess.com"]

[Event "Titled Tuesday Blitz August 15 Late 2023"]
[White "Florianovitz, Derlei Alex"]
[Black "MFatigue"]
[WhiteFideId "2114178"]
[WhiteElo "2184"]
[BlackElo "2489"]
[Result "0-1"]
[Round "5"]
[TimeControl "180+1"]
[Date "2023.08.15"]
[WhiteClock "0:00:16"]
[BlackClock "0:00:21"]
[Board "104"]

1. e4 e6 2. d4 d5 3. e5 c5 4. c3 Nc6 5. Nf3 Bd7 6. Be2 Nge7 7. O-O Nf5 8. a3 cxd4 9. cxd4 Qb6 10. b4 Ncxd4 11. Nxd4 Qxd4 12. Qxd4 Nxd4 13. Bd1 Be7 14. Be3 Nf5 15. Bd2 O-O 16. f4 f6 17. Nc3 Nd4 18. Be3 fxe5 19. fxe5 Rxf1+ 20. Kxf1 Rf8+ 21. Kg1 Nc6 22. Ne2 a6 23. Bf4 g5 24. Bg3 Be8 25. Bb3 Bg6 26. Re1 Bd3 27. Nc1 Be4 28. Ne2 Rf5 29. Nc3 Bd3 30. h3 a5 31. bxa5 Bxa3 32. Ba4 Bb4 33. Rc1 Nxa5 34. Bd7 Kf7 35. Nxd5 exd5 36. Bxf5 Bxf5 37. Rc7+ Be7 38. h4 h6 39. Be1 Nc6 40. Rxb7 Nxe5 41. hxg5 hxg5 42. Bb4 Ng6 43. Kf2 Be6 44. Ke3 Kf6 45. Bxe7+ Nxe7 46. Kd4 Nf5+ 47. Kc5 Ke5 48. Rb8 d4 49. Rb2 Ne3 50. Re2 Ke4 51. g3 d3 52. Re1 Bg4 53. Kb4 d2 54. Rh1 d1=Q 55. Rxd1 Nxd1 56. Kb3 Ne3 57. Kc3 Nf1 58. Kc2 Ke3 59. Kc3 Nxg3 60. Kc4 Ne4 61. Kd5 Bf3 62. Ke5 g4 63. Kf5 g3 0-1


[Site "https://www.chess.com"]

[Event "Titled Tuesday Blitz August 15 Late 2023"]
[White "Navyblue1"]
[Black "Itkis, Boris"]
[BlackFideId "1209167"]
[WhiteElo "2022"]
[BlackElo "2488"]
[Result "0-1"]
[Round "5"]
[TimeControl "180+1"]
[Date "2023.08.15"]
[WhiteClock "0:00:07"]
[BlackClock "0:01:27"]
[Board "105"]

1. d4 d5 2. c4 e6 3. Nc3 Nf6 4. cxd5 exd5 5. Bg5 c6 6. e3 Bd6 7. Qc2 O-O 8. Bd3 h6 9. Bh4 Re8 10. Nge2 Nbd7 11. O-O Bxh2+ 12. Kh1 Bd6 13. e4 dxe4 14. Nxe4 Be7 15. Bg3 Nxe4 16. Bxe4 Nf6 17. Bf3 Bg4 18. Qd3 Bd6 19. Rad1 Bxg3 20. Nxg3 Bxf3 21. Qxf3 Qd5 22. Qxd5 Nxd5 23. Rd3 g6 24. Rb3 Re7 25. Kh2 Rae8 26. Rd1 h5 27. Rdd3 Kg7 28. Rf3 f5 29. Kh3 f4 30. Nf1 g5 31. Kh2 g4 32. Rfd3 h4 33. Kg1 Kf6 34. a4 Kf5 35. a5 Rd7 36. Rd2 Re1 37. Rc2 Rde7 38. Rc5 Ra1 39. g3 Ree1 40. gxf4 Rxf1+ 41. Kg2 Rg1+ 42. Kh2 Rh1+ 43. Kg2 Rag1# 0-1


[Site "https://www.chess.com"]

[Event "Titled Tuesday Blitz August 15 Late 2023"]
[White "Figorito, Nick"]
[Black "Vlassov, Nikolai"]
[WhiteFideId "30923689"]
[BlackFideId "4103360"]
[WhiteElo "2402"]
[BlackElo "2589"]
[Result "0-1"]
[Round "5"]
[TimeControl "180+1"]
[Date "2023.08.15"]
[WhiteClock "0:00:57"]
[BlackClock "0:01:39"]
[Board "106"]

1. Nf3 c5 2. g3 Nc6 3. d4 cxd4 4. Nxd4 g6 5. Bg2 Bg7 6. Nxc6 dxc6 7. Qxd8+ Kxd8 8. O-O Kc7 9. Bf4+ e5 10. Be3 Be6 11. Nc3 Ne7 12. Rad1 Nf5 13. Bc1 Rhd8 14. e3 b5 15. b3 a5 16. Bb2 a4 17. Rxd8 Rxd8 18. bxa4 b4 19. Ne4 Bxa2 20. Ra1 Bd5 21. a5 Ra8 22. Nc5 Bxg2 23. Kxg2 Nd6 24. Nd3 Nc4 25. e4 f5 26. f3 Ne3+ 27. Kf2 Nxc2 28. Bxe5+ Bxe5 29. Rc1 Bd4+ 30. Ke2 b3 31. Kd2 Rxa5 0-1


[Site "https://www.chess.com"]

[Event "Titled Tuesday Blitz August 15 Late 2023"]
[White "Reprintsev, Alexander"]
[Black "Silva Lucena, Cristian"]
[WhiteFideId "14100541"]
[BlackFideId "2232588"]
[WhiteElo "2501"]
[BlackElo "2376"]
[Result "0-1"]
[Round "5"]
[TimeControl "180+1"]
[Date "2023.08.15"]
[WhiteClock "0:00:10"]
[BlackClock "0:01:21"]
[Board "107"]

1. e4 c6 2. Nc3 d5 3. Nf3 Bg4 4. h3 Bxf3 5. Qxf3 e6 6. Be2 Nf6 7. e5 Nfd7 8. Qg3 c5 9. f4 g6 10. h4 h5 11. Qh3 Be7 12. d3 Nc6 13. Bd2 Nd4 14. Bd1 b5 15. Ne2 Nf5 16. g3 b4 17. a3 a5 18. c3 bxa3 19. bxa3 Kf8 20. Kf2 Qb6 21. Bc2 Nh6 22. Rhb1 Qc6 23. Kg1 d4 24. cxd4 cxd4 25. Rc1 Ng4 26. Bd1 Qf3 27. Qg2 Qxd3 28. Qxa8+ Kg7 29. Qxa5 Qf3 30. Be1 Ne3 0-1


[Site "https://www.chess.com"]

[Event "Titled Tuesday Blitz August 15 Late 2023"]
[White "Bryant, Todd"]
[Black "Janaszak, Dawid"]
[WhiteFideId "2031299"]
[BlackFideId "1119206"]
[WhiteElo "2368"]
[BlackElo "2495"]
[Result "0-1"]
[Round "5"]
[TimeControl "180+1"]
[Date "2023.08.15"]
[WhiteClock "0:00:08"]
[BlackClock "0:01:08"]
[Board "108"]

1. e4 e5 2. f4 f5 3. exf5 Qe7 4. Qh5+ Kd8 5. Nf3 exf4+ 6. Kd1 Nf6 7. Qh4 Ne4 8. Qe1 d6 9. d3 Nf6 10. Qxe7+ Bxe7 11. Bxf4 Bxf5 12. Nc3 Nc6 13. h3 Rf8 14. g4 Nxg4 15. hxg4 Bxg4 16. Be2 Rxf4 17. Nd2 h6 18. Nd5 Bxe2+ 19. Kxe2 Rf5 20. Nxe7 Kxe7 21. Rag1 Kf7 22. Ne4 Re8 23. Kd2 d5 24. Nc5 Nd4 25. Rf1 Nf3+ 26. Kc3 d4+ 27. Kc4 Nd2+ 28. Kb4 a5+ 29. Kb5 Nxf1 0-1


[Site "https://www.chess.com"]

[Event "Titled Tuesday Blitz August 15 Late 2023"]
[White "Beulen, Marcel"]
[Black "Seletsky, Grigory"]
[WhiteFideId "1001450"]
[BlackFideId "14112191"]
[WhiteElo "2353"]
[BlackElo "2486"]
[Result "1/2-1/2"]
[Round "5"]
[TimeControl "180+1"]
[Date "2023.08.15"]
[WhiteClock "0:00:23"]
[BlackClock "0:00:59"]
[Board "109"]

1. e4 c6 2. Nc3 d5 3. Nf3 Bg4 4. h3 Bxf3 5. Qxf3 e6 6. Be2 Nd7 7. O-O Ngf6 8. Rd1 Be7 9. d4 O-O 10. Bf1 b5 11. a3 a5 12. e5 Ne8 13. Ne2 c5 14. c3 c4 15. Nf4 g6 16. g3 Ng7 17. h4 b4 18. axb4 axb4 19. Bd2 bxc3 20. Bxc3 Rxa1 21. Rxa1 Qb6 22. Qd1 Nb8 23. Qa4 Nc6 24. Qa6 Qxa6 25. Rxa6 Rc8 26. Rb6 Nf5 27. Ne2 h5 28. Bh3 Ng7 29. b3 cxb3 30. Rxb3 Rb8 31. Rxb8+ Nxb8 32. Nc1 Nc6 33. Kf1 Bd8 34. Ke2 Bb6 35. Kd3 Kf8 36. Ne2 Ke7 37. Nf4 Ne8 38. f3 Nc7 39. g4 hxg4 40. fxg4 Nb5 41. Ne2 Nxc3 42. Kxc3 Ba5+ 43. Kd3 Be1 44. h5 gxh5 45. gxh5 Kf8 46. Nf4 Bg3 47. Ne2 Bf2 48. Bg4 Kg7 49. Bf3 Kh6 50. Kc3 Kg5 51. Kd3 Ne7 52. Kc3 Nf5 53. Kd3 Ng7 54. Kc3 Nxh5 55. Bxh5 Kxh5 56. Kd3 Kg4 57. Nc3 Kf5 58. Nb5 f6 59. exf6 Kxf6 60. Nc3 Kf5 61. Nb5 Be1 62. Nc7 Ba5 63. Nb5 Bb4 64. Nc7 Bd6 65. Nb5 Bb8 66. Nc3 Kf4 67. Nb5 Kf3 68. Nc3 Bg3 69. Nb5 Kg4 70. Nc3 Kf5 71. Ne2 Bf2 72. Nc3 Kf6 73. Nb5 Ke7 74. Nc3 Kd7 75. Ne2 Kc6 76. Nf4 Kd6 77. Ne2 Bh4 78. Nf4 Bg5 79. Ne2 Bh6 80. Nc3 Kc6 81. Ne2 Kb6 82. Nc3 Ka5 83. Ne2 Kb4 84. Nc3 Bf4 85. Ne2 Bd6 86. Nc3 Bc7 87. Ne2 Kb3 88. Nc3 Kb4 89. Ne2 Kb5 90. Nc3+ Kc6 91. Ne2 Kd6 92. Nc3 Ke7 93. Nb5 Bb6 94. Nc3 Kf6 95. Ne2 Ba5 96. Nf4 Kf5 97. Ne2 Bb4 98. Nc1 e5 99. dxe5 Kxe5 100. Nb3 Be7 101. Nd4 Bf6 102. Nc6+ Kd6 103. Nb4 d4 104. Nc2 Kc5 105. Nxd4 1/2-1/2


[Site "https://www.chess.com"]

[Event "Titled Tuesday Blitz August 15 Late 2023"]
[White "Bogaudinov, Rushan"]
[Black "Dinu, Dumitru-Daniel"]
[WhiteFideId "4129288"]
[BlackFideId "1208403"]
[WhiteElo "2351"]
[BlackElo "2479"]
[Result "0-1"]
[Round "5"]
[TimeControl "180+1"]
[Date "2023.08.15"]
[WhiteClock "0:00:00"]
[BlackClock "0:00:03"]
[Board "110"]

1. e4 c5 2. Nf3 e6 3. g3 Nc6 4. Bg2 g6 5. O-O Bg7 6. c3 Nge7 7. d4 cxd4 8. Nxd4 d5 9. Nxc6 bxc6 10. Nd2 O-O 11. Nb3 Ba6 12. Re1 Bc4 13. Be3 Qb8 14. Bc5 Re8 15. Qc2 Qb5 16. Ba3 Rab8 17. Nd4 Bxd4 18. cxd4 Bd3 19. Qd2 Bxe4 20. Bxe4 dxe4 21. Rxe4 Nd5 22. Rae1 Rbd8 23. Re5 Qb6 24. h4 Nf6 25. Bc5 Qb7 26. Qe2 Rd5 27. b4 Red8 28. Qf3 Nd7 29. Rxd5 cxd5 30. Qc3 h5 31. a4 Rc8 32. Rb1 Qa6 33. Qb3 Qc6 34. Rc1 Qb7 35. b5 Rc7 36. Qb4 Qc8 37. a5 e5 38. b6 axb6 39. axb6 Rc6 40. b7 Qb8 41. dxe5 Nxc5 42. Rxc5 Rxc5 43. Qxc5 Qxb7 44. Qd6 Qb1+ 45. Kh2 Qe4 46. Qd8+ Kg7 47. Qf6+ Kg8 48. Kg1 d4 49. Qd8+ Kh7 50. Qf6 Qd5 51. Kf1 d3 52. Ke1 Qe4+ 53. Kd2 Qe2+ 54. Kc3 Qc2+ 55. Kd4 d2 56. Qxf7+ Kh6 57. Qf4+ Kg7 58. Qf6+ Kg8 59. Qe6+ Kf8 60. Qf6+ Ke8 61. Qe6+ Kd8 62. Qd6+ Kc8 63. Qa6+ Kd7 64. Qd6+ Kc8 65. Qa6+ Kc7 66. Qd6+ Kb7 67. Qb4+ Ka6 68. Qd6+ Kb5 69. Qd5+ Kb4 70. Qd6+ Kb3 71. Qb6+ Ka2 72. Qa5+ Kb1 73. Qb4+ Qb2+ 0-1


[Site "https://www.chess.com"]

[Event "Titled Tuesday Blitz August 15 Late 2023"]
[White "Arencibia Monduy, Antonio"]
[Black "Jahnz, Fabian"]
[WhiteFideId "3507939"]
[BlackFideId "4653300"]
[WhiteElo "2465"]
[BlackElo "2348"]
[Result "1-0"]
[Round "5"]
[TimeControl "180+1"]
[Date "2023.08.15"]
[WhiteClock "0:01:15"]
[BlackClock "0:01:32"]
[Board "111"]

1. e4 c6 2. d4 d5 3. e5 Bf5 4. c3 e6 5. Nf3 Ne7 6. Nbd2 Nd7 7. Nb3 h6 8. Be3 Qc7 9. Be2 Nc8 10. O-O Be7 11. Rc1 O-O 12. h3 Bh7 13. Qd2 a5 14. Bd3 Bxd3 15. Qxd3 a4 16. Nbd2 c5 17. Rfe1 c4 18. Qe2 a3 19. b3 b5 20. b4 Ncb6 21. Nf1 Na4 22. Qd2 Rfb8 23. Ng3 Bf8 24. Nh2 Kh7 25. Ng4 Qd8 26. Rf1 Nb2 27. f4 Nd3 28. Rb1 Qh4 29. Rf3 h5 30. Nf2 Nb2 31. f5 Nb6 32. Bg5 1-0


[Site "https://www.chess.com"]

[Event "Titled Tuesday Blitz August 15 Late 2023"]
[White "Baches Garcia, Guillermo"]
[Black "Harish, Neeraj"]
[WhiteFideId "2209764"]
[BlackFideId "30958130"]
[WhiteElo "2462"]
[BlackElo "2329"]
[Result "1-0"]
[Round "5"]
[TimeControl "180+1"]
[Date "2023.08.15"]
[WhiteClock "0:00:46"]
[BlackClock "0:00:00"]
[Board "112"]

1. e4 c6 2. d4 d5 3. e5 Bf5 4. h4 h5 5. Bd3 Bxd3 6. Qxd3 Qa5+ 7. Nd2 e6 8. Nf3 Nh6 9. O-O Qa6 10. c4 Nf5 11. b3 Nd7 12. a4 Be7 13. Ba3 Bxa3 14. Rxa3 O-O 15. b4 b6 16. Qc2 Rac8 17. Rc1 Qb7 18. Rc3 dxc4 19. Rxc4 c5 20. bxc5 bxc5 21. dxc5 Qd5 22. Qe4 Qxe4 23. Nxe4 Nb8 24. c6 Rc7 25. Nd6 Ne7 26. Nd4 Nd5 27. N6b5 Rcc8 28. Nxa7 Rc7 29. Ndb5 Rxa7 30. Nxa7 Na6 31. Nb5 Nac7 32. Nxc7 Nxc7 33. Rd1 Rc8 34. Rd7 Kf8 35. Rb4 Ke8 36. Rb7 Nd5 37. Rxf7 Rxc6 38. Rxg7 Kf8 39. Rh7 Kg8 40. Rhd7 Rc8 41. a5 1-0


[Site "https://www.chess.com"]

[Event "Titled Tuesday Blitz August 15 Late 2023"]
[White "Ankerst, Mihael"]
[Black "Manon-og, Ramon Jr."]
[WhiteFideId "14602369"]
[BlackFideId "5200776"]
[WhiteElo "2458"]
[BlackElo "2324"]
[Result "1-0"]
[Round "5"]
[TimeControl "180+1"]
[Date "2023.08.15"]
[WhiteClock "0:01:41"]
[BlackClock "0:01:34"]
[Board "113"]

1. e4 c5 2. Nf3 d6 3. d4 cxd4 4. Nxd4 Nf6 5. Nc3 a6 6. Bc4 e6 7. Bb3 b5 8. Bg5 Be7 9. Qf3 Qc7 10. O-O-O Bb7 11. Bxe6 O-O 12. Bb3 b4 13. Bxf6 bxc3 14. Bxe7 cxb2+ 15. Kxb2 Qxe7 16. Rhe1 Qe5 17. Kb1 Qxh2 18. Nf5 Qe5 19. Nxd6 Bc6 20. Nxf7 Qc5 21. Ng5+ Kh8 22. Qh5 Bxe4 23. Rxe4 Qf5 24. Nf7+ Rxf7 25. Qxf5 Rf6 1-0


[Site "https://www.chess.com"]

[Event "Titled Tuesday Blitz August 15 Late 2023"]
[White "Martinez, Shawn"]
[Black "Bueno, Alfeu Junior Varela"]
[WhiteFideId "2039770"]
[BlackFideId "2108879"]
[WhiteElo "2319"]
[BlackElo "2447"]
[Result "0-1"]
[Round "5"]
[TimeControl "180+1"]
[Date "2023.08.15"]
[WhiteClock "0:00:00"]
[BlackClock "0:00:59"]
[Board "114"]

1. e4 e6 2. d4 d5 3. Bd3 Nf6 4. e5 Nfd7 5. f4 c5 6. c3 Nc6 7. Nf3 f6 8. O-O Be7 9. a3 O-O 10. b4 cxd4 11. cxd4 Qb6 12. Kh1 f5 13. Be3 a5 14. b5 Nd8 15. Nc3 Nf7 16. h3 Qd8 17. Rg1 Nb6 18. g4 Nh6 19. Ng5 Qe8 20. gxf5 Nxf5 21. Bxf5 Rxf5 22. Qg4 Bxg5 23. fxg5 Nc4 24. Bf4 a4 25. Rg3 Bd7 26. Rag1 Bxb5 27. Kh2 Bd7 28. h4 b5 29. Na2 Qe7 30. Nb4 Nxa3 31. Nxd5 exd5 32. g6 h6 33. e6 Bxe6 34. Be5 Raf8 35. R1g2 Rxe5 0-1


[Site "https://www.chess.com"]

[Event "Titled Tuesday Blitz August 15 Late 2023"]
[White "Szente Varga, Fruzsina"]
[Black "Romero Ruscalleda, Josep"]
[WhiteFideId "712264"]
[BlackFideId "2231859"]
[WhiteElo "2314"]
[BlackElo "2442"]
[Result "1-0"]
[Round "5"]
[TimeControl "180+1"]
[Date "2023.08.15"]
[WhiteClock "0:01:24"]
[BlackClock "0:01:04"]
[Board "115"]

1. e4 g6 2. d4 Bg7 3. Be3 d6 4. Qd2 a6 5. f3 Nd7 6. Nc3 b5 7. h4 h5 8. Nh3 Bb7 9. Ng5 Rc8 10. Ne2 c5 11. Nf4 cxd4 12. Bxd4 e5 13. Nfe6 fxe6 14. Nxe6 Qe7 15. Nxg7+ Qxg7 16. Be3 Qe7 17. Bg5 Ngf6 18. O-O-O Rc6 19. Kb1 O-O 20. g4 hxg4 21. fxg4 Rfc8 22. Bd3 Nc5 23. Rdf1 Nfxe4 24. Bxe4 Nxe4 25. Qd5+ Kh7 26. Bxe7 Rxc2 27. Qf7+ Kh8 28. Bf6+ Nxf6 29. Qxf6+ Kh7 30. Qe7+ Kh8 31. Rf8+ Rxf8 32. Qxf8+ Kh7 1-0


[Site "https://www.chess.com"]

[Event "Titled Tuesday Blitz August 15 Late 2023"]
[White "Bullen, Alex"]
[Black "Pesotskiy, Mikhail"]
[WhiteFideId "1801627"]
[BlackFideId "34164453"]
[WhiteElo "2313"]
[BlackElo "2434"]
[Result "1-0"]
[Round "5"]
[TimeControl "180+1"]
[Date "2023.08.15"]
[WhiteClock "0:02:33"]
[BlackClock "0:02:37"]
[Board "116"]

1. d4 Nf6 2. Nf3 c5 3. d5 b5 4. e4 Nxe4 5. Bd3 Nd6 6. Bf4 c4 7. Be2 g6 8. Qd4 f6 9. a4 Qb6 10. axb5 Nxb5 11. Qxb6 1-0


[Site "https://www.chess.com"]

[Event "Titled Tuesday Blitz August 15 Late 2023"]
[White "6PackPlayer"]
[Black "The_Straightforward_Rook"]
[WhiteElo "2300"]
[BlackElo "2427"]
[Result "1-0"]
[Round "5"]
[TimeControl "180+1"]
[Date "2023.08.15"]
[WhiteClock "0:00:27"]
[BlackClock "0:00:35"]
[Board "117"]

1. e4 e5 2. f4 exf4 3. Bc4 Nf6 4. e5 d5 5. Bb3 Ne4 6. Nf3 Bc5 7. d4 Be7 8. Bxf4 O-O 9. O-O Nc6 10. c3 Kh8 11. Nbd2 f5 12. exf6 Nxf6 13. Ne5 Nxe5 14. Bxe5 c6 15. Bc2 Qe8 16. Nf3 Qh5 17. h3 Bd7 18. Qd3 Ne4 19. Nd2 Nxd2 20. Qxd2 Rxf1+ 21. Rxf1 Rf8 22. Rxf8+ Bxf8 23. Qf4 Kg8 24. Kh2 Be6 25. Bd6 Qf7 26. Qe5 a6 27. Bxf8 Kxf8 28. Qb8+ Qe8 29. Qxb7 h6 30. Qc7 Kg8 31. Qe5 Qf7 32. Qb8+ Qf8 33. Bh7+ Kf7 34. Bg6+ Kg8 35. Qxf8+ Kxf8 36. b4 Ke7 37. Kg3 Bd7 38. Bd3 Bc8 39. Kf4 Kf6 40. h4 g5+ 41. hxg5+ hxg5+ 42. Kf3 Bb7 43. a4 Bc8 44. Be2 Bb7 45. Ke3 Bc8 46. Bh5 Bd7 47. Bf3 Kf5 48. g3 Bc8 49. Kd3 Bd7 50. c4 Ke6 51. Bg4+ Kd6 52. c5+ Kc7 53. Bxd7 Kxd7 54. Ke3 1-0


[Site "https://www.chess.com"]

[Event "Titled Tuesday Blitz August 15 Late 2023"]
[White "Kielinkei"]
[Black "Coelho, Ramyres Santana"]
[BlackFideId "2120690"]
[WhiteElo "2407"]
[BlackElo "2291"]
[Result "0-1"]
[Round "5"]
[TimeControl "180+1"]
[Date "2023.08.15"]
[WhiteClock "0:00:01"]
[BlackClock "0:01:29"]
[Board "118"]

1. d4 Nf6 2. c4 g6 3. Nc3 d6 4. e4 Bg7 5. Be2 O-O 6. Be3 e5 7. d5 Na6 8. g4 Nd7 9. Qd2 f5 10. gxf5 gxf5 11. exf5 Rxf5 12. O-O-O Ndc5 13. Kb1 Rf8 14. Nf3 Nb4 15. Rc1 Bf5+ 16. Ka1 c6 17. Bxc5 dxc5 18. dxc6 Qa5 19. Rhd1 Rad8 20. Qe3 e4 21. a3 exf3 22. Bxf3 Nc2+ 23. Rxc2 Bxc2 24. Rxd8 Rxd8 25. Qe6+ Kh8 26. cxb7 Bxc3 27. Qc8 Qxa3# 0-1


[Site "https://www.chess.com"]

[Event "Titled Tuesday Blitz August 15 Late 2023"]
[White "Zampronha, Wladimir Camilo"]
[Black "KorolDimitriy75"]
[WhiteFideId "2103087"]
[WhiteElo "2245"]
[BlackElo "2405"]
[Result "1-0"]
[Round "5"]
[TimeControl "180+1"]
[Date "2023.08.15"]
[WhiteClock "0:00:35"]
[BlackClock "0:00:00"]
[Board "119"]

1. e4 c5 2. Nf3 d6 3. d4 cxd4 4. Nxd4 Nf6 5. Nc3 g6 6. Be3 Bg7 7. f3 O-O 8. Qd2 Nc6 9. Bc4 Bd7 10. O-O-O Qa5 11. Bb3 Rfc8 12. h4 Ne5 13. Kb1 b5 14. h5 Nc4 15. Bxc4 bxc4 16. Ka1 Rab8 17. Rb1 Rb6 18. hxg6 fxg6 19. Bh6 Bh8 20. g4 Rcb8 21. Be3 Ra6 22. Nde2 Qb4 23. Nc1 e5 24. Qh2 Be6 25. Bg5 d5 26. Bxf6 Bxf6 27. Qxh7+ Kf8 28. Qxg6 Bf7 29. Rh8+ Bxh8 30. Qxa6 d4 31. Nd5 Bxd5 32. exd5 e4 33. Qh6+ Bg7 34. Qf4+ Kg8 35. Qxe4 d3 36. Qe6+ Kh8 37. Nxd3 1-0


[Site "https://www.chess.com"]

[Event "Titled Tuesday Blitz August 15 Late 2023"]
[White "Ochirbat, Lkhagvajamts"]
[Black "Verony64"]
[WhiteFideId "4903153"]
[WhiteElo "2689"]
[BlackElo "2176"]
[Result "1-0"]
[Round "5"]
[TimeControl "180+1"]
[Date "2023.08.15"]
[WhiteClock "0:00:36"]
[BlackClock "0:00:13"]
[Board "120"]

1. d4 c5 2. d5 e5 3. Nc3 d6 4. e4 g6 5. Be2 Bg7 6. Nf3 a6 7. O-O Nf6 8. a4 O-O 9. Nd2 Nbd7 10. Nc4 Qc7 11. Be3 Rb8 12. a5 b5 13. axb6 Nxb6 14. Nxb6 Rxb6 15. b3 Rb4 16. f3 a5 17. Nb5 Qb8 18. c4 Nh5 19. Rxa5 f5 20. Bd2 Nf4 21. Bxb4 cxb4 22. Ra1 Qb6+ 23. Kh1 fxe4 24. fxe4 Qe3 25. Nxd6 Nxe2 26. Rxf8+ Bxf8 27. Nxc8 Ng3+ 28. hxg3 Qh6+ 29. Kg1 Bc5+ 30. Kf1 Qf8+ 31. Qf3 Qxc8 32. Ke2 Qd7 33. Ra8+ Kg7 34. g4 Qe7 35. Rc8 Bd4 36. g5 h6 37. gxh6+ Kxh6 38. Qh3+ Kg5 39. Qg3+ Kh6 40. Rh8+ Kg7 41. Qh3 Qg5 42. Qh7+ Kf6 43. Rf8# 1-0


[Site "https://www.chess.com"]

[Event "Titled Tuesday Blitz August 15 Late 2023"]
[White "Fiorito, Joaquin"]
[Black "UgarteCesar"]
[WhiteFideId "180173"]
[WhiteElo "2660"]
[BlackElo "2328"]
[Result "1-0"]
[Round "5"]
[TimeControl "180+1"]
[Date "2023.08.15"]
[WhiteClock "0:01:24"]
[BlackClock "0:00:00"]
[Board "121"]

1. d4 d5 2. c4 e6 3. Nc3 h6 4. cxd5 exd5 5. Nf3 c6 6. Bf4 Bd6 7. Bxd6 Qxd6 8. e3 Nf6 9. Bd3 O-O 10. O-O Bg4 11. Qb3 Bxf3 12. gxf3 b5 13. Kh1 Nbd7 14. Rg1 Nb6 15. Rg2 Rfd8 16. Rag1 Ne8 17. Qd1 Nc4 18. Bb1 Kf8 19. b3 Nb6 20. Qd3 Nd7 21. f4 a5 22. Ne2 a4 23. Ng3 g6 24. f5 g5 25. Nh5 axb3 26. axb3 Ndf6 27. Qe2 Ra1 28. h4 g4 29. Nf4 h5 30. f3 Rda8 31. fxg4 Nxg4 32. Nxh5 Nef6 33. Rxg4 R8a2 34. Bxa2 Nxg4 35. Rxa1 Nh6 36. Rg1 Qe7 37. Qf2 Qe4+ 38. Rg2 Ng4 39. Qf4 1-0


[Site "https://www.chess.com"]

[Event "Titled Tuesday Blitz August 15 Late 2023"]
[White "Cnejev, Vladimir-Alexandru"]
[Black "ciroreva-CB"]
[WhiteFideId "1260898"]
[WhiteElo "2582"]
[BlackElo "2326"]
[Result "0-1"]
[Round "5"]
[TimeControl "180+1"]
[Date "2023.08.15"]
[WhiteClock "0:00:05"]
[BlackClock "0:00:07"]
[Board "122"]

1. Nf3 d5 2. b3 Nf6 3. Bb2 c5 4. e3 Bg4 5. h3 Bh5 6. c4 e6 7. cxd5 exd5 8. d4 Nc6 9. Be2 Bxf3 10. Bxf3 cxd4 11. exd4 Bb4+ 12. Nd2 Qe7+ 13. Qe2 Qxe2+ 14. Kxe2 O-O 15. Nf1 Rfe8+ 16. Ne3 Ne4 17. Bxe4 Rxe4 18. Rhd1 Rd8 19. Rac1 f5 20. f3 Re6 21. Kf2 g6 22. g3 Bd6 23. f4 Bb4 24. a3 Ba5 25. b4 Bb6 26. b5 Na5 27. Rd3 Rde8 28. Ba1 Nc4 29. Nxc4 dxc4 30. Rxc4 Re2+ 31. Kf3 Re1 32. Bb2 Rf1+ 33. Kg2 Rb1 34. Bc3 Re2+ 35. Kf3 Ra2 36. Rd2 Rf1+ 37. Ke3 Rxd2 38. Bxd2 Rh1 39. g4 Rxh3+ 40. Kf2 Rh2+ 41. Ke1 Rxd2 42. Kxd2 fxg4 43. Ke2 g3 44. d5 g2 45. Rc8+ Kf7 46. Rc1 g1=Q 47. Rxg1 Bxg1 48. Kd3 Bc5 49. a4 b6 50. Kc4 Ke7 51. a5 Kd6 52. axb6 axb6 53. Kd3 Kxd5 0-1


[Site "https://www.chess.com"]

[Event "Titled Tuesday Blitz August 15 Late 2023"]
[White "Stachanczyk, Jacek"]
[Black "Gamayev, Oleg"]
[WhiteFideId "1116657"]
[BlackFideId "2802813"]
[WhiteElo "2325"]
[BlackElo "2570"]
[Result "1-0"]
[Round "5"]
[TimeControl "180+1"]
[Date "2023.08.15"]
[WhiteClock "0:01:14"]
[BlackClock "0:01:51"]
[Board "123"]

1. e4 d6 2. d4 Nf6 3. Nc3 e5 4. dxe5 dxe5 5. Qxd8+ Kxd8 6. Bg5 Be7 7. O-O-O+ Nfd7 8. Bxe7+ Kxe7 9. Bc4 c6 10. Nf3 f6 11. Ne2 Nb6 12. Bb3 a5 13. a3 N8d7 14. Ng3 Nc5 15. Ba2 Bd7 16. Nd2 Rhd8 17. Nc4 Nxc4 18. Bxc4 b5 19. Ba2 Rf8 20. Rd2 Rad8 21. Rhd1 g6 22. f3 Bc8 23. Rxd8 Rxd8 24. Rxd8 Kxd8 25. Kd2 Ke7 26. Nf1 Nb7 27. Ne3 Nd6 28. c4 b4 29. axb4 axb4 30. Kc2 Be6 31. Kb3 c5 32. Ka4 Kd7 33. Ka5 Kc6 34. b3 h6 35. Bb1 Nf7 36. Bd3 Nd8 37. Nd5 Bxd5 38. exd5+ Kd7 39. Bxg6 Kd6 40. Kb6 Kd7 41. Kxc5 Nb7+ 42. Kxb4 Kd6 43. Bf5 Kc7 44. c5 Nd8 45. d6+ Kc6 46. Be4+ Kd7 47. Bd5 f5 48. Kc4 Nc6 49. Bxc6+ Kxc6 50. b4 1-0


[Site "https://www.chess.com"]

[Event "Titled Tuesday Blitz August 15 Late 2023"]
[White "Krishnan, Varun"]
[Black "Okike, David"]
[WhiteFideId "5054508"]
[BlackFideId "8500134"]
[WhiteElo "2570"]
[BlackElo "2323"]
[Result "1-0"]
[Round "5"]
[TimeControl "180+1"]
[Date "2023.08.15"]
[WhiteClock "0:01:15"]
[BlackClock "0:01:32"]
[Board "124"]

1. d4 Nf6 2. c4 e6 3. Nc3 Bb4 4. f3 d5 5. a3 Bxc3+ 6. bxc3 c5 7. e3 Nc6 8. cxd5 Nxd5 9. Bd2 f5 10. Bd3 O-O 11. Ne2 Na5 12. O-O c4 13. Bc2 b5 14. e4 Nf6 15. Bg5 Qb6 16. Kh1 h6 17. Bh4 a6 18. Qe1 Qc6 19. Nf4 Nb3 20. Rd1 Bd7 21. Ng6 Rf7 22. Ne5 Qc7 23. Nxf7 Kxf7 24. Bxf6 Kxf6 25. Qh4+ Kf7 26. d5 exd5 27. Rxd5 Be6 28. Rdd1 Qc5 29. exf5 Bd5 30. Be4 Bxe4 31. fxe4 Re8 32. Rd7+ Re7 33. Qh5+ Kf6 34. Qg6+ Ke5 35. Rd5+ Qxd5 36. exd5 Kxd5 37. Rd1+ Ke4 38. f6+ 1-0


[Site "https://www.chess.com"]